 Dungeon Crawl Stone Soup version 0.27.1-1-g398f81649c (webtiles) character file.

Game seed: 1076488075586159842

2633 bnorton916 the Jinx (level 9, -3/45 HPs)
             Began as a Deep Elf Conjurer on Sept 20, 2021.
             Was a Follower of Vehumet.
             Slain by a boulder beetle (48 damage)
             ... on level 6 of the Dungeon.
             The game lasted 00:10:19 (8319 turns).

bnorton916 the Jinx (Deep Elf Conjurer)             Turns: 8319, Time: 00:10:19

Health: -3/45      AC:  8    Str:  5    XL:     9   Next: 35%
Magic:  28/28      EV: 13    Int: 26    God:    Vehumet [*.....]
Gold:   269        SH:  0    Dex: 13    Spells: 8/19 levels left

rFire    . . .     SeeInvis .   (no weapon)
rCold    . . .     Faith    .   (no shield)
rNeg     . . .     Spirit   .   a - +0 robe
rPois    .         Reflect  .   n - +0 helmet
rElec    .         Harm     .   l - +0 cloak
rCorr    +         Rampage  .   y - +2 pair of gloves
Will     .....                  j - +0 pair of boots
Stlth    ++........             x - amulet of regeneration
HPRegen  1.15/turn              c - ring of magical power
MPRegen  0.21/turn              v - ring of resist corrosion

@: no status effects
A: no striking features
a: Renounce Religion


You were on level 6 of the Dungeon.
You worshipped Vehumet.
Vehumet was aware of your devotion.
You visited 2 branches of the dungeon, and saw 7 of its levels.

You collected 269 gold pieces.

Inventory:

Hand Weapons
 g - a +2 dagger of draining
 t - a +4 vorpal war axe
 B - a +2 whip of electrocution
Missiles
 r - a throwing net
 u - 112 stones
Armour
 a - a +0 robe (worn)
 j - a +0 pair of boots (worn)
 l - a +0 cloak (worn)
 n - a +0 helmet (worn)
 y - a +2 pair of gloves (worn)
Magical Staves
 k - a staff of earth
Jewellery
 c - a ring of magical power (left hand)
 v - a ring of resist corrosion (right hand)
 x - an amulet of regeneration (around neck)
Wands
 p - a wand of flame (16)
Scrolls
 b - 2 scrolls of blinking
 d - a scroll of teleportation
 e - a scroll of amnesia {unknown}
 h - 3 scrolls of immolation {unknown}
 s - a scroll of vulnerability {unknown}
 C - a scroll of identify {unknown}
 D - a scroll of fog {unknown}
 E - a scroll of magic mapping {unknown}
Potions
 f - 3 potions of heal wounds {unknown}
 i - a potion of might {unknown}
 m - 3 potions of curing {unknown}
 o - 2 potions of brilliance {unknown}
 q - a potion of ambrosia {unknown}
 w - 2 potions of haste {unknown}
 z - a potion of attraction {unknown}
 A - 2 potions of flight {unknown}


   Skills:
 + Level 2.4 Armour
 + Level 4.5 Dodging
 - Level 2.4 Stealth
 - Level 5.8 Spellcasting
 - Level 6.1 Conjurations
 - Level 9.6 Hexes
 - Level 8.1 Translocations


You had 8 spell levels left.
You knew the following spells:

 Your Spells              Type           Power      Damage    Failure   Level
a - Magic Dart            Conj           100%       1d8       1%          1
b - Searing Ray           Conj           78%        3d6       1%          2
c - Fulminant Prism       Conj/Hex       24%        3d13      2%          4
d - Iskenderun's Mystic   Conj/Tloc      44%        2d10      3%          4

Your spell library contained the following spells:

 Spells                   Type           Power      Damage    Failure   Level
 Foxfire                  Conj/Fire      92%        2x1d8     1%          1
 Dazzling Flash           Conj/Hex       96%        N/A       1%          3


Dungeon Overview and Level Annotations

Branches:
Dungeon (6/15)             Temple (1/1) D:4

Altars:
Ashenzari
Cheibriados
Elyvilon
Hepliaklqana
Kikubaaqudgha
Nemelex Xobeh
Ru
Sif Muna
Trog
Uskayaw
Vehumet
Wu Jian
Xom
Yredelemnul
Zin
The Shining One

Shops:
D:1 =


Message History

a +0 shortbow; 18 arrows A hound comes into view.
The hound barks!
Casting: Searing Ray (safe; 1% risk of failure)
Confirm with . or Enter, or press ? or * to list all spells.
Aiming: Searing Ray (safe; 1% risk of failure)
Press: ? - help, Shift-Dir - straight line, f - hound
Aim: a hound (73% to hit)
The searing ray hits the hound!
The hound is heavily wounded. (Press . to maintain the ray.) Unknown command.
The searing ray hits the hound!
You kill the hound!
Vehumet accepts your kill.
Unknown command.
You see here a hound corpse.
Found 17 gold pieces.
Found a flail.
Found a scroll labelled SORAGYE RANI.
Found a helmet.
You now have 269 gold pieces (gained 17).
h - 3 scrolls labelled SORAGYE RANI (gained 1) Unknown command.
The boulder beetle leaps!
You start waiting.
A boulder beetle is nearby!
There is a stone staircase leading up here.
The boulder beetle curls into a ball and begins rolling!
The boulder beetle hits you.
The boulder beetle stops rolling and uncurls.
The boulder beetle curls into a ball and begins rolling!
The boulder beetle completely misses you.
The boulder beetle stops rolling and uncurls.
The boulder beetle leaps!
The boulder beetle curls into a ball and begins rolling!
Found a scroll labelled AQAROMMA ELAUM.
The boulder beetle hits you!!!
Ouch! That really hurt!
You die...

..# #.# #.........# ##..
..######<######..##.##..#######..
.............................##..
........................####.....
##.###.########°#######.# ###.#.
##.# #.# #°# #.######.#. ##.# #.#
#○# #.......... ##.# #.#
####B#######.######.## ##.# #.#
#....@.?.....# #.# ##.# #.#
#.#########.# #.# ##.###.# # #.#
...#...# ##.## #......# #...#
#..###.# #.... #..### #...#
#..#.# ##### #...#..


You could see a boulder beetle (rolling).

Vanquished Creatures
  Pikel (D:5)
  Prince Ribbit (D:5)
  Sigmund (D:2)
  A steam dragon (D:6)
  2 ice beasts
  2 sky beasts (D:6)
  A necrophage (D:4)
  An ogre (D:5)
  A centaur (D:6)
  3 scorpions
  2 water moccasin skeletons (D:6)
  5 bullfrog zombies
  2 jellies
  6 hounds
  Crazy Yiuf (D:5)
  2 iguanas
  Ijyb (D:5)
  A killer bee zombie (D:6)
  Robin (D:2)
  A howler monkey skeleton (D:6)
  4 gnolls (D:3)
  10 adders
  2 white imps
  An ufetubus (D:5)
  An adder skeleton (D:4)
  A worm (D:5)
  2 dart slugs (D:5)
  8 orcs
  7 endoplasms
  3 giant cockroaches
  12 goblins
  10 hobgoblins
  4 jackals (D:1)
  6 quokkas
  7 ball pythons
  4 bats
  4 frilled lizards
  8 kobolds
  4 rats
134 creatures vanquished.

Vanquished Creatures (others)
  2 fulminant prisms
2 creatures vanquished.

Grand Total: 136 creatures vanquished

Notes
Turn   | Place    | Note
-------+----------+-------------------------------------------
     0 | D:1      | bnorton916 the Deep Elf Conjurer began the quest for the
                  | Orb.
     0 | D:1      | Reached XP level 1. HP: 10/10 MP: 6/6
   138 | D:1      | Reached XP level 2. HP: 15/15 MP: 2/8
   732 | D:1      | Found Ipe Mae's Jewellery Shoppe.
  1019 | D:1      | Reached XP level 3. HP: 19/19 MP: 8/10
  1040 | D:1      | Reached skill level 5 in Conjurations
  1333 | D:2      | Learned a level 2 spell: Searing Ray
  1922 | D:2      | Noticed Sigmund
  1928 | D:2      | Killed Sigmund
  1929 | D:2      | Reached skill level 5 in Spellcasting
  1929 | D:2      | Reached XP level 4. HP: 16/24 MP: 3/13
  1929 | D:2      | Reached XP level 5. HP: 19/28 MP: 3/15
  1934 | D:2      | Learned a level 4 spell: Fulminant Prism
  1939 | D:2      | Learned a level 4 spell: Iskenderun's Mystic Blast
  2323 | D:2      | Reached skill level 1 in Hexes
  2381 | D:2      | Noticed Robin
  2385 | D:2      | Killed Robin
  2386 | D:2      | Reached skill level 1 in Translocations
  2403 | D:2      | You fall into a shaft and drop 2 floors!
  2607 | D:3      | Found a faded altar of an unknown god.
  2754 | D:3      | Found a bloodstained altar of Trog.
  2975 | D:3      | Reached skill level 2 in Hexes
  2975 | D:3      | Reached XP level 6. HP: 32/32 MP: 10/16
  3734 | D:4      | Reached skill level 3 in Hexes
  4257 | D:4      | Reached skill level 4 in Hexes
  4395 | D:4      | Reached XP level 7. HP: 36/36 MP: 17/17
  4493 | D:4      | Found a staircase to the Ecumenical Temple.
  4530 | Temple   | Entered the Ecumenical Temple
  4589 | Temple   | Became a worshipper of Vehumet
  5121 | D:5      | Entered Level 5 of the Dungeon
  5121 | D:5      | Noticed Prince Ribbit
  5122 | D:5      | Noticed Ijyb
  5315 | D:5      | Reached skill level 5 in Hexes
  5343 | D:5      | Found an ancient bone altar of Kikubaaqudgha.
  5374 | D:5      | Killed Prince Ribbit
  5375 | D:5      | Reached skill level 6 in Hexes
  5375 | D:5      | Reached skill level 5 in Translocations
  5557 | D:5      | Killed Ijyb
  5997 | D:5      | Reached XP level 8. HP: 33/41 MP: 15/18
  6032 | D:5      | Reached skill level 7 in Hexes
  6515 | D:5      | Found a runed translucent door.
  6515 | D:5      | Noticed Crazy Yiuf
  6540 | D:5      | Killed Crazy Yiuf
  6618 | D:5      | Reached skill level 8 in Hexes
  6775 | D:5      | Noticed Pikel
  6785 | D:5      | Killed Pikel
  6786 | D:5      | Reached skill level 9 in Hexes
  7359 | D:6      | Noticed a boulder beetle
  7651 | D:6      | Reached XP level 9. HP: 22/45 MP: 19/19
  7651 | D:6      | Reached * piety under Vehumet
  7651 | D:6      | Offered knowledge of Foxfire by Vehumet.
  7879 | D:6      | Reached skill level 1 in Armour
  8319 | D:6      | Slain by a boulder beetle

Illustrated notes

Levels and vault maps discovered:
D:1:      dpeg_arrival_stonehenge_8_columns, layout_loops_corners, serial_shops,
          shop
D:2:      layout_loops_ring, minmay_fountain_box, uniq_robin, uniq_sigmund
D:3:      layout_loops_corners, nicolae_overflow_crystal_walls,
          ebering_ecumenical_altar_box
D:4:      layout_basic, minmay_temple_entry_statues_fountains,
          kennysheep_nondescript
D:5:      minmay_chambers_of_threes, layout_cave_pods,
          mainiacjoe_overflow_tiny_flanked, uniq_crazy_yiuf_cottage, uniq_pikel,
          uniq_prince_ribbit1, uniq_ijyb
D:6:      layout_loops_ring
Temple:   zaba_magenta_temple

Skill      XL: |  1  2  3  4  5  6  7  8  9 |
---------------+----------------------------+-----
Spellcasting   | 4 5 |  5.8
Conjurations   | 6 |  6.1
Hexes          | 2 4 6 9 |  9.6
Translocations | 1 3 5 7 8 |  8.1
Dodging        | 4 |  4.5
Armour         | 2 |  2.4
Stealth        | |  2.4

Action                   |  1- 3 |  4- 6 |  7- 9 || total
-------------------------+-------+-------+-------++-------
Melee: Unarmed           |     2 |       |       ||     2
 Cast: Magic Dart        |    67 |    93 |   115 ||   275
       Searing Ray       |     1 |    11 |    29 ||    41
       Iskenderun's Myst |       |       |     7 ||     7
       Fulminant Prism   |       |       |     2 ||     2
  Use: Scroll            |       |       |     2 ||     2
Armor: Robe              |     1 |     3 |    24 ||    28
Dodge: Dodged            |     7 |     5 |    32 ||    44
